Map: Глубоководный риф РВ

Players

CCCR

  • Race: Protoss Protoss
  • League: Diamond
  • Spawn Location: 5:00

Shame - Winner!

  • Race: Zerg Zerg
  • League: Master
  • Spawn Location: 11:00

VOD

Have the link to the VOD?

Description

Time

  • Played on: Feb. 25, 2017, 7:34 p.m.
  • Length: 12:08
Show
View Real Time Build Order
Export as new Build Order

CCCR Protoss 

Build Orders: Nexus First 

Get SALT Encoding   

  12  0:02  Probe (Chrono Boost)  
  13  0:12  Probe (Chrono Boost)  
  14  0:19  Pylon  
  14  0:23  Probe (Chrono Boost)  
  15  0:37  Probe (Chrono Boost)  
  16  0:47  Probe (Chrono Boost)  
  17  1:01  Nexus  
  17  1:14  Gateway  
  17  1:18  Pylon  
  17  1:22  Probe (Chrono Boost)  
  18  1:27  Assimilator  
  18  1:32  Probe (Chrono Boost)  
  19  1:35  Assimilator  
  19  1:43  Probe (Chrono Boost)  
  20  1:53  Probe (Chrono Boost)  
  21  2:02  Cybernetics Core  
  21  2:04  Zealot  
  21  2:05  Probe (Chrono Boost)  
  24  2:14  Probe (Chrono Boost)  
  25  2:16  Probe (Chrono Boost)  
  26  2:26  Probe (Chrono Boost)  
  26  2:27  Probe (Chrono Boost)  
  28  2:36  Gateway  
  28  2:38  Probe (Chrono Boost)  
  28  2:39  Probe (Chrono Boost)  
  28  2:42  Stalker  
  30  2:48  Warp Gate  
  30  2:49  Probe (Chrono Boost)  
  34  2:51  Probe (Chrono Boost)  
  34  3:08  Pylon  
  33  3:14  Probe (Chrono Boost)  
  33  3:15  Probe (Chrono Boost)  
  33  3:18  Pylon  
  35  3:25  Gateway, Probe x2 (Chrono Boost)  
  37  3:29  Sentry  
  37  3:30  Sentry  
  37  3:31  Pylon  
  41  3:35  Probe (Chrono Boost)  
  41  3:36  Probe (Chrono Boost)  
  43  3:42  Pylon  
  43  3:46  Mothership Core (Chrono Boost), Probe (Chrono Boost)  
  46  3:56  Pylon  
  46  3:57  Probe (Chrono Boost)  
  46  4:00  Assimilator  
  47  4:02  Assimilator  
  47  4:03  Sentry  
  47  4:04  Sentry  
  47  4:05  Probe (Chrono Boost)  
  47  4:07  Probe (Chrono Boost)  
  53  4:15  Probe (Chrono Boost)  
  54  4:18  Pylon, Probe (Chrono Boost)  
  55  4:26  Probe (Chrono Boost)  
  55  4:28  Probe (Chrono Boost)  
  55  4:29  Robotics Facility  
  57  4:36  Probe (Chrono Boost)  
  58  4:39  Probe (Chrono Boost)  
  59  4:47  Probe (Chrono Boost)  
  59  4:50  Probe (Chrono Boost)  
  61  4:52  Nexus  
  61  4:53  Pylon  
  61  4:57  Probe (Chrono Boost), Oracle  
  62  5:00  Probe (Chrono Boost)  
  62  5:05  Pylon  
  63  5:08  Robotics Facility, Probe (Chrono Boost)  
  63  5:11  Probe (Chrono Boost)  
  65  5:16  Robotics Bay  
  65  5:18  Gateway, Probe (Chrono Boost)  
  67  5:21  Probe (Chrono Boost)  
  67  5:23  Adept, Twilight Council  
  67  5:27  Adept  
  71  5:29  Probe (Chrono Boost)  
  71  5:32  Probe (Chrono Boost)  
  73  5:37  Observer  
  73  5:41  Probe (Chrono Boost)  
  73  5:42  Probe (Chrono Boost)  
  76  5:50  Adept x3  
  76  5:53  Probe x2 (Chrono Boost)  
  76  5:56  Observer  
  84  6:02  Disruptor  
  87  6:04  Probe (Chrono Boost)  
  87  6:05  Probe (Chrono Boost)  
  87  6:11  Probe (Chrono Boost)  
  91  6:12  Disruptor  
  91  6:13  Assimilator  
  91  6:16  Probe (Chrono Boost)  
  91  6:17  Assimilator, Probe (Chrono Boost)  
  96  6:21  Probe (Chrono Boost), Pylon, Forge x2  
  97  6:25  Blink  
  97  6:31  Probe x2 (Chrono Boost)  
  97  6:32  Probe (Chrono Boost)  
  100  6:39  Disruptor  
  100  6:43  Disruptor  
  106  6:55  Stalker x4  
  114  7:01  Protoss Ground Weapons Level 1  
  114  7:04  Protoss Ground Armor Level 1  
  114  7:07  Gateway  
  114  7:11  Colossus, Pylon  
  114  7:12  Gateway  
  114  7:19  Gateway  
  120  7:27  Pylon  
  120  7:28  Gateway  
  120  7:32  Gateway  
  120  7:35  Photon Cannon  
  120  7:39  Photon Cannon  
  120  7:46  Colossus  
  120  7:47  Nexus  
  120  7:49  Pylon  
  120  7:52  Pylon  
  126  7:59  Stalker x4  
  134  8:07  Dark Shrine  
  134  8:13  Stargate  
  134  8:14  Colossus  
  134  8:21  Pylon  
  134  8:26  Photon Cannon x2, Stalker x3  
  146  8:27  Stalker  
  146  8:32  Adept x2  
  152  8:43  Extended Thermal Lance  
  152  8:50  Stalker  
  152  8:51  Stalker  
  152  8:52  Assimilator, Stalker  
  158  8:56  Assimilator  
  158  9:00  Stalker x2  
  157  9:28  Stalker  
  157  9:29  Stalker x6  
  171  9:45  Void Ray  
  171  9:50  Pylon  
  171  9:51  Observer  
  118  10:09  Stalker  
  118  10:10  Stalker x3  
  118  10:11  Stalker x2  
  118  10:12  Stalker  
  125  10:51  Stalker x3  
  125  10:53  Stalker x5  
  141  11:03  Warp Prism  
Show
View Real Time Build Order
Export as new Build Order

Shame Zerg - Winner!

Build Orders: Hatch First, Swarm Host 

Get SALT Encoding   

  12  0:01  Drone  
  13  0:13  Overlord  
  13  0:18  Drone  
  14  0:31  Drone x2  
  16  0:37  Drone  
  17  0:54  Hatchery  
  16  1:00  Drone x2  
  16  1:03  Extractor  
  17  1:18  Spawning Pool  
  16  1:20  Drone  
  16  1:23  Drone  
  19  1:32  Drone  
  19  1:41  Overlord  
  19  2:05  Queen  
  19  2:06  Zergling x4, Queen  
  25  2:10  Metabolic Boost  
  25  2:19  Drone x2  
  25  2:21  Drone  
  28  2:27  Drone  
  29  2:32  Drone  
  30  2:41  Drone  
  30  2:42  Queen  
  33  2:45  Pneumatized Carapace  
  33  2:51  Overlord  
  33  2:56  Overlord  
  33  3:02  Drone x2  
  33  3:14  Drone x5  
  38  3:20  Zergling x4  
  42  3:40  Hatchery  
  41  3:47  Queen  
  41  3:49  Evolution Chamber  
  41  3:51  Drone x2  
  41  3:54  Drone x3  
  45  4:00  Drone x3  
  45  4:02  Drone x3  
  51  4:05  Drone  
  52  4:17  Extractor  
  52  4:19  Extractor, Overlord x2  
  52  4:21  Zerg Melee Weapons Level 1  
  50  4:24  Baneling Nest  
  49  4:38  Lair  
  49  4:39  Drone x3  
  49  4:40  Drone x3  
  55  4:52  Zergling x4  
  57  4:56  Zergling x6  
  57  4:59  Overlord x2  
  60  5:06  Baneling Nest  
  59  5:16  Queen  
  59  5:17  Drone x2  
  59  5:18  Drone x5  
  68  5:23  Drone x2, Roach Warren  
  68  5:25  Drone  
  70  5:32  Drone, Overlord x2  
  71  5:37  Overseer  
  71  5:38  Spore Crawler  
  70  5:45  Drone  
  70  5:46  Drone x4  
  70  5:48  Centrifical Hooks  
  74  5:52  Drone x4  
  74  5:55  Extractor  
  74  5:56  Extractor  
  76  5:58  Drone  
  76  6:00  Overseer  
  76  6:03  Glial Reconstitution  
  77  6:05  Roach x3  
  77  6:06  Roach  
  77  6:08  Roach  
  87  6:18  Drone x2  
  89  6:19  Zerg Melee Weapons Level 2  
  89  6:21  Overlord x2  
  89  6:26  Drone, Extractor  
  89  6:28  Drone  
  89  6:30  Overlord x2  
  89  6:31  Overseer  
  90  6:38  Overlord x2  
  90  6:41  Drone x2  
  90  6:42  Ravager  
  90  6:43  Ravager x4  
  90  6:46  Overlord  
  97  6:49  Drone  
  97  6:51  Zergling x6  
  97  6:52  Zergling x2  
  102  6:55  Hatchery  
  102  6:56  Zergling x6  
  102  7:00  Roach  
  102  7:01  Roach x2  
  110  7:02  Roach  
  110  7:04  Roach  
  114  7:21  Ravager x2  
  116  7:24  Ravager  
  116  7:25  Ravager x2  
  116  7:29  Extractor  
  118  7:30  Extractor  
  118  7:32  Drone  
  118  7:33  Zergling x2, Infestation Pit  
  118  7:34  Zergling x18  
  127  8:00  Overlord x4  
  127  8:01  Nydus Network  
  126  8:09  Drone x5  
  126  8:10  Drone  
  132  8:14  Swarm Host  
  132  8:18  Overlord  
  132  8:19  Swarm Host x5  
  147  8:22  Swarm Host  
  147  8:26  Baneling x3  
  147  8:27  Baneling x14  
  153  8:30  Zergling x2  
  153  8:31  Zergling x2  
  155  8:35  Hive  
  155  8:36  Drone  
  155  8:37  Drone x3  
  159  8:44  Zergling x2  
  159  8:45  Zergling x12  
  166  8:50  Nydus Canal  
  166  8:51  Zergling x2  
  166  8:53  Hatchery  
  166  8:58  Zergling x4  
  168  9:04  Zerg Ground Armor Level 1  
  168  9:06  Baneling x3  
  168  9:07  Baneling x7  
  168  9:25  Nydus Canal  
  168  9:28  Overlord x4  
  155  9:54  Roach  
  155  9:55  Roach x15  
  151  10:05  Roach x6  
  148  10:10  Ultralisk Cavern  
  147  10:20  Roach  
  147  10:21  Roach x5  
  128  10:36  Roach x3  
  96  10:58  Ultralisk Cavern, Ultralisk  
  96  10:59  Ultralisk x5  
  121  11:14  Ultralisk  
  127  11:22  Zergling x6  
  127  11:23  Zergling x2  
Tags
 
Add a new tag
Caveats
  • Supply blocks, unpowered buildings, or Contaminate may cause inaccurate times.
  • Supply counts are checked every 10 seconds.